 Dungeon Crawl Stone Soup version 0.31.0-4-g52a2dc7128 (webtiles) character file.

Game seed: 4737003633060143980

3746 GordonOverkill the Apothecary (level 10, -2/59 HPs)
             Began as a Kobold Reaver on Jan 23, 2024.
             Was a Believer of Vehumet.
             Shot with an arrow by a centaur (12 damage)
             ... on level 8 of the Dungeon.
             The game lasted 00:17:38 (13416 turns).

GordonOverkill the Apothecary (Kobold Reaver)      Turns: 13416, Time: 00:17:39

Health: -2/59      AC:  7    Str: 17    XL:     10   Next: 37%
Magic:  9/17       EV: 14    Int: 18    God:    Vehumet [**....]
Gold:   405        SH:  0    Dex: 16    Spells: 11/19 levels left

rFire   + . .        x - +8 dagger of Generosity {pain, Dex+3 Stlth+}
rCold   . . .        (no shield)
rNeg    . . .        s - +2 leather armour {rF+}
rPois   .            z - +0 helmet
rElec   .            (no cloak)
rCorr   .            c - +0 pair of gloves
SInv    .            (no boots)
Will    .....        (no amulet)
Stlth   +++          f - +6 ring of strength
HPRegen 0.29/turn    l - +4 ring of slaying
MPRegen 0.15/turn

%: no passive effects
@: about to teleport
A: small, no large weapons, nightstalker 3
a: Renounce Religion


You were on level 8 of the Dungeon.
You worshipped Vehumet.
Vehumet was pleased with you.
You visited 1 branch of the dungeon, and saw 8 of its levels.

You collected 405 gold pieces.

Inventory:

Hand Weapons
 j - a +1 whip of freezing
 x - the +8 dagger of Generosity (weapon) {pain, Dex+3 Stlth+}
   (You found it on level 7 of the Dungeon)

   Dex+3:     It affects your dexterity (+3).
   Stlth+:    It makes you more stealthy.
Missiles
 v - a throwing net
Armour
 c - a +0 pair of gloves (worn)
 s - a +2 leather armour of fire resistance (worn)
 z - a +0 helmet (worn)
 B - a +1 robe of cold resistance
Magical Staves
 A - a staff of air
Jewellery
 a - a ring of willpower
 f - a +6 ring of strength (left hand)
 k - a ring of fire
 l - a +4 ring of slaying (right hand)
Wands
 u - a wand of paralysis (4)
 w - a wand of iceblast (14)
Scrolls
 i - a scroll of revelation
 m - 3 scrolls of fog
 n - a scroll of noise {unknown}
 p - a scroll of enchant weapon {unknown}
 t - a scroll of poison {unknown}
 y - a scroll of immolation {unknown}
Potions
 b - a potion of magic
 e - a potion of degeneration
 h - 3 potions of might
 o - a potion of curing
 q - 2 potions of enlightenment
 C - a potion of mutation


   Skills:
 - Level 5.0 Fighting
 - Level 5.0 Short Blades
 - Level 2.4 Dodging
 - Level 5.0 Spellcasting
 - Level 5.0 Conjurations
 - Level 5.0 Necromancy
 + Level 6.9 Ice Magic
 - Level 3.0 Air Magic
 - Level 7.0 Alchemy
 - Level 3.0 Evocations


You had 11 spell levels left.
You knew the following spells:

 Your Spells              Type           Power      Damage    Failure   Level
a - Kiss of Death         Conj/Necr      88%        2d12      1%          1
b - Sting                 Conj/Alch      100%       1d9       1%          1
c - Mercury Vapours       Alch/Air       44%        N/A       3%          2
d - Olgreb's Toxic Radia  Alch           29%        N/A       9%          4

Your spell library contained the following spells:

 Spells                   Type           Power      Damage    Failure   Level
 Sandblast                Erth           8%         2d5       16%         1
 Ozocubu's Armour         Ice            29%        N/A       2%          3
 Hailstorm                Conj/Ice       26%        3d7       4%          3
 Ensorcelled Hibernation  Hex/Ice        34%        N/A       6%          2
 Fugue of the Fallen      Necr           22%        N/A       6%          3
 Momentum Strike          Conj/Tloc      26%        3d8       9%          2
 Lesser Beckoning         Tloc           8%         N/A       24%         2
 Ignite Poison            Fire/Alch      17%        N/A       36%         4
 Sticky Flame             Fire/Alch      17%        2d5       36%         4
 Gell's Gravitas          Tloc           4%         N/A       43%         3
 Teleport Other           Tloc           4%         N/A       43%         3
 Anguish                  Hex/Necr       6%         N/A       50%         4
 Manifold Assault         Tloc           4%         N/A       85%         4
 Ignition                 Fire           2%         3d3       100%        8


Dungeon Overview and Level Annotations

Branches:
Dungeon (8/15)             Temple (0/1) D:6            Lair (0/5) D:8

Altars:
Elyvilon
Kikubaaqudgha
Makhleb
Okawaru
Sif Muna
Uskayaw
Vehumet
Wu Jian


Innate Abilities, Weirdness & Mutations

You are small and have problems with some larger weapons.
You are completely attuned to the shadows.


Message History

The gnoll bouda is severely wounded.
The centaur wields a +0 orcbow.
The centaur shoots an arrow.
The arrow hits you.
The gnoll bouda barks out a call to the hunt!
The gnolls pick up the pace!
You hear a shout!
You closely miss the gnoll bouda.
The gnoll bouda is severely wounded.
The centaur shoots an arrow.
The arrow barely misses you. The gnoll barely misses you.
The gnoll bouda misses you.
The centaur shoots an arrow.
The arrow hits you!
The centaur shoots an arrow.
The arrow hits you!
* * * LOW HITPOINT WARNING * * *
The gnoll attacks as it pursues you! The gnoll hits you but does no damage.
The gnoll attacks as it pursues you!
The gnoll hits you from afar with a +0 halberd.
* * * LOW HITPOINT WARNING * * *
The gnoll bouda attacks as it pursues you!
The gnoll bouda hits you with a +0 whip.
* * * LOW HITPOINT WARNING * * *
The centaur shoots an arrow.
The arrow barely misses you.
Okay, then.
The gnoll bouda attacks as it pursues you!
The gnoll bouda hits you with a +0 whip.
* * * LOW HITPOINT WARNING * * *
The gnoll hits you from afar with a +0 halberd!
* * * LOW HITPOINT WARNING * * *
You feel much better.
The centaur shoots an arrow.
The arrow hits you.
* * * LOW HITPOINT WARNING * * *
The gnoll barely misses you. The gnoll bouda misses you.
The gnoll hits you from afar with a +0 halberd!
* * * LOW HITPOINT WARNING * * *
The centaur shoots an arrow.
The arrow hits you!
* * * LOW HITPOINT WARNING * * *
A gnoll comes into view. It is wielding a +0 spear.
Okay, then.
As you read the scroll of teleportation, it crumbles to dust.
You feel strangely unstable. The gnoll barely misses you.
The centaur shoots an arrow.
The arrow hits you!
You die...

..##### .# ......#
#.# .♣..#.###.#
....#))##.##
....P.#)....###.
..P....###.......
>P.g....# ###.#..#
P....gg@# #÷((((###
....P†g.# #<#)#....
.♣..?.†## #[#[.##.
......c## ..##[#
P.........####)..>.
.......... .o..##
.P.....### ...###
.......# ###.#
##.#...#


You could see a centaur, a gnoll bouda (poisoned) and 3 gnolls.

Vanquished Creatures
  Sigmund (D:2)
  2 wyverns (D:8)
  Menkaure (D:6)
  3 water moccasins
  An orc warrior (D:6)
  4 ice beasts
  3 black bears
  A wolf (D:8)
  A phantom (D:7)
  3 kobold brigands
  4 bullfrogs
  2 scorpions
  9 wights
  An electric eel (D:7)
  3 bombardier beetles
  7 hounds
  A jelly (D:7)
  A sleepcap (D:7)
  5 iguanas
  2 orc wizards (D:8)
  4 gnolls
  14 adders
  3 shadow imps
  2 white imps
  3 ribbon worms
  A dart slug (D:3)
  22 orcs
  4 endoplasms
  8 giant cockroaches
  8 goblins
  5 hobgoblins
  15 jackals
  17 kobolds
  4 quokkas
  12 ball pythons
  4 bats
  6 frilled lizards
  5 rats
192 creatures vanquished.

Notes
Turn   | Place    | Note
-------+----------+-------------------------------------------
     0 | D:1      | GordonOverkill the Kobold Reaver began the quest for the
                  | Orb.
     0 | D:1      | Reached XP level 1. HP: 12/12 MP: 3/3
   335 | D:1      | Reached XP level 2. HP: 18/18 MP: 5/5
  1093 | D:2      | Noticed Sigmund
  1271 | D:2      | Learned a level 1 spell: Sting
  1410 | D:2      | Reached XP level 3. HP: 11/21 MP: 5/7
  1716 | D:2      | Reached skill level 1 in Alchemy
  1923 | D:2      | Reached skill level 2 in Alchemy
  1923 | D:2      | Reached XP level 4. HP: 24/28 MP: 2/8
  2793 | D:2      | Reached skill level 3 in Alchemy
  2873 | D:2      | Killed Sigmund
  2874 | D:2      | Reached skill level 4 in Alchemy
  2874 | D:2      | Reached skill level 1 in Ice Magic
  2874 | D:2      | Reached XP level 5. HP: 27/32 MP: 3/9
  2874 | D:2      | Reached XP level 6. HP: 32/37 MP: 3/10
  2934 | D:2      | Learned a level 2 spell: Mercury Vapours
  3691 | D:3      | Found a white marble altar of Elyvilon.
  3859 | D:3      | Reached skill level 1 in Air Magic
  4257 | D:3      | Reached XP level 7. HP: 41/41 MP: 9/11
  4374 | D:3      | Found an ornate altar of the Wu Jian Council.
  5134 | D:4      | Learned a level 4 spell: Olgreb's Toxic Radiance
  5807 | D:4      | Reached skill level 5 in Alchemy
  6079 | D:4      | Found a radiant altar of Vehumet.
  6096 | D:4      | Became a worshipper of Vehumet
  6954 | D:5      | Entered Level 5 of the Dungeon
  7154 | D:5      | Reached XP level 8. HP: 38/46 MP: 7/12
  7335 | D:5      | Reached skill level 6 in Alchemy
  7524 | D:5      | Found an ancient bone altar of Kikubaaqudgha.
  8125 | D:6      | Reached skill level 7 in Alchemy
  8204 | D:6      | Found a staircase to the Ecumenical Temple.
  8418 | D:7      | Reached * piety under Vehumet
  8418 | D:7      | Offered knowledge of Magic Dart by Vehumet.
  8662 | D:7      | Identified the +8 dagger of Generosity {pain, Dex+3 Stlth+}
  8734 | D:7      | Found an iron altar of Okawaru.
  8753 | D:7      | Reached skill level 5 in Spellcasting
  9127 | D:7      | Reached skill level 5 in Short Blades
  9127 | D:7      | Reached skill level 1 in Necromancy
  9182 | D:7      | Reached XP level 9. HP: 50/50 MP: 16/16
  9342 | D:6      | Noticed Menkaure
  9349 | D:6      | Killed Menkaure
  9959 | D:6      | Reached skill level 5 in Necromancy
 10377 | D:6      | Found a shimmering blue altar of Sif Muna.
 10485 | D:6      | Reached skill level 5 in Fighting
 10487 | D:6      | Reached skill level 1 in Evocations
 10949 | D:6      | Found a staircase to the Ecumenical Temple.
 11543 | D:6      | Found a shimmering blue altar of Sif Muna.
 12089 | D:7      | Found a burning altar of Makhleb.
 12105 | D:7      | Found a hide-covered altar of Uskayaw.
 12612 | D:8      | Reached XP level 10. HP: 59/59 MP: 13/17
 12625 | D:7      | Offered knowledge of Sandblast by Vehumet.
 12726 | D:7      | Reached skill level 5 in Ice Magic
 12782 | D:8      | Reached ** piety under Vehumet
 12979 | D:8      | Reached skill level 5 in Conjurations
 13407 | D:8      | Found a staircase to the Lair.
 13416 | D:8      | Shot with an arrow by a centaur

Illustrated notes

Levels and vault maps discovered:
D:1:      tarquinn_simple_flora_water_f, layout_loops_corners
D:2:      layout_loops_corners, uniq_sigmund
D:3:      minmay_chambers_of_twos, layout_basic, elyvilon_altar_5,
          nzn_wu_jian_contemplation, minmay_snake_closets
D:4:      layout_loops_cross, nicolae_vehumet_radiance
D:5:      layout_loops_cross, kiku_gazebo_pond_becter
D:6:      layout_layer_cave, hellmonk_sif_muna_bookshelves,
          minmay_temple_entry_waves, minmay_fractal_squares_5, uniq_menkaure
D:7:      layout_basic, okawaru_trees_2, nicolae_overflow_squiral
D:8:      layout_rooms, nicolae_overflow_crystal_walls, lemuel_doored_altar,
          minmay_lair_entry_grove, serial_shops, kennysheep_mini_moat

Skill      XL: |  1  2  3  4  5  6  7  8  9 10 |
---------------+-------------------------------+-----
Fighting       | 3 5 |  5.0
Spellcasting   | 3 5 |  5.0
Alchemy        | 2 4 5 7 |  7.0
Conjurations   | 4 5 |  5.0
Ice Magic      | 1 2 4 6 |  6.9
Air Magic      | 2 3 |  3.0
Short Blades   | 5 |  5.0
Necromancy     | 1 5 |  5.0
Evocations     | 3 |  3.0
Dodging        | |  2.4

Action                     |  1- 3 |  4- 6 |  7- 9 | 10-12 || total
---------------------------+-------+-------+-------+-------++-------
  Melee: Short sword       |    62 |    18 |    22 |       ||   102
         Dagger            |       |       |    61 |    20 ||    81
         Punch             |       |       |     1 |       ||     1
   Cast: Kiss of Death     |     1 |       |     2 |     1 ||     4
         Sting             |    17 |   102 |   232 |    68 ||   419
         Mercury Vapours   |       |     1 |     7 |       ||     8
         Olgreb's Toxic Ra |       |       |     2 |       ||     2
  Evoke: Wand              |       |       |    11 |       ||    11
    Use: Scroll            |       |       |       |    11 ||    11
         Potion            |       |       |       |     1 ||     1
   Stab: Sleeping          |     7 |       |     2 |       ||     9
         Paralysed         |       |       |    12 |       ||    12
 Armour: Leather armour    |    23 |    20 |    76 |    69 ||   188
  Dodge: Dodged            |    31 |    28 |    85 |    52 ||   196
